 Dungeon Crawl Stone Soup version 0.24-a0-581-gc0fa6600bf (webtiles) character file.

Game seed: 6501329012340357456

139226 Gynju the Severer (level 17, -4/139 HPs)
             Began as a Barachi Fighter on Aug 23, 2019.
             Was the Champion of Cheibriados.
             Slain by Uleurph's ghost (20 damage)
             ... on level 1 of the Swamp.
             The game lasted 01:31:26 (35185 turns).

Gynju the Severer (Barachi Fighter)                Turns: 35185, Time: 01:31:26

Health: -4/139     AC: 23    Str: 39    XL:     17   Next: 28%
Magic:  24/24      EV: 23    Int: 29    God:    Cheibriados [******]
Gold:   1709       SH:  0    Dex: 27    Spells: 16/16 levels left

rFire    + . .     SeeInvis +   a - +0 broad axe
rCold    + + .     Gourm    .   D - +2 shield
rNeg     . . .     Faith    .   O - +3 scale mail {rF+}
rPois    .         Spirit   .   v - +0 helmet
rElec    .         Reflect  +   P - +2 cloak of the Thief {+Fog Slay-2 SInv Stlth+}
rCorr    .         Harm     .   o - +0 pair of gloves
MR       +....                  j - +2 pair of boots
Stlth    +.........             M - +2 amulet of reflection
HPRegen  0.33/turn              U - ring of protection from cold
MPRegen  0.19/turn              i - ring "Duill" {Wiz *Drain rC+ Int+5 SInv}

@: confused, glowing, lightly drained, very slow
A: +LOS, swims, slowness 1, strong legs 2
a: Hop, Bend Time, Temporal Distortion, Slouch, Step From Time, Renounce
Religion, Evoke Fog


You were on level 1 of the Swamp.
You worshipped Cheibriados.
Cheibriados was exalted by your worship.
You were very hungry.

You visited 5 branches of the dungeon, and saw 26 of its levels.
You also visited: Ice Cave.

You collected 2972 gold pieces.
You spent 1263 gold pieces at shops.

Inventory:

Hand Weapons
 a - a +0 broad axe (weapon)
 b - the +10 hand crossbow "Xaaguug" {flame, Dex+2}
   (You bought it in a shop on level 8 of the Dungeon)

   It causes projectiles fired from it to burn those they strike, causing extra
   injury to most foes and up to half again as much damage against particularly
   susceptible opponents.
   It affects your dexterity (+2).
 c - the +7 hunting sling "Ateol" {flame, MR- Int+6}
   (You found it on level 13 of the Dungeon)

   It causes projectiles fired from it to burn those they strike, causing extra
   injury to most foes and up to half again as much damage against particularly
   susceptible opponents.
   It affects your intelligence (+6).
   It affects your resistance to hostile enchantments.
Missiles
 y - 102 sling bullets
 K - 517 bolts
Armour
 j - a +2 pair of boots (worn)
 o - a +0 pair of gloves (worn)
 v - a +0 helmet (worn)
 D - a +2 shield (worn)
 O - a +3 scale mail of fire resistance (worn)
 P - the +2 cloak of the Thief (worn) {+Fog Slay-2 SInv Stlth+}
   (You found it on level 10 of the Dungeon)

   It affects your accuracy and damage with ranged weapons and melee attacks
   (-2).
   It lets you see invisible.
   It makes you more stealthy.
Jewellery
 g - the ring "Mimeg" {rPois EV+3 SInv}
   (You bought it in a shop on level 8 of the Dungeon)

   [ring of evasion]

   It affects your evasion (+3).
   It protects you from poison.
   It lets you see invisible.
 i - the ring "Duill" (right hand) {Wiz *Drain rC+ Int+5 SInv}
   (You found it on level 4 of the Lair of Beasts)

   [ring of wizardry]

   It improves your spell success rate.
   It affects your intelligence (+5).
   It protects you from cold.
   It lets you see invisible.
   It causes draining when unequipped.
 M - a +2 amulet of reflection (around neck)
 U - a ring of protection from cold (left hand)
 W - an uncursed ring of protection from fire
 X - a +4 ring of evasion
 Y - the cursed necklace of Bloodlust {*Rage +Rage MR++ Int-3 Slay+6 *Curse}
   (You found it in an ice cave)

   [amulet of rage]

   It affects your intelligence (-3).
   It affects your accuracy and damage with ranged weapons and melee attacks
   (+6).
   It affects your resistance to hostile enchantments.
   It lets you go berserk.
   It may make you go berserk in combat.
   It curses itself when equipped.
   It has a curse placed upon it.
 Z - an uncursed ring of ice
Wands
 p - a wand of clouds (7)
 q - a wand of disintegration (11)
 r - a wand of paralysis (33)
 u - a wand of acid (10)
 x - a wand of polymorph (6)
 G - a wand of enslavement (9)
 I - a wand of flame (11)
 L - a wand of iceblast (20)
 T - a wand of scattershot (4)
Scrolls
 d - 2 scrolls of enchant weapon
 l - 13 scrolls of teleportation
 m - 5 scrolls of enchant armour
 s - 3 scrolls of immolation
 t - 5 scrolls of magic mapping
 w - 13 scrolls of remove curse
 C - a scroll of vulnerability
 E - 2 scrolls of fog
 Q - 4 scrolls of blinking
Potions
 e - 2 potions of resistance
 h - 13 potions of curing
 k - 3 potions of flight
 n - 3 potions of cancellation
 z - 3 potions of lignification
 H - 4 potions of mutation
 N - 3 potions of ambrosia
 S - 4 potions of heal wounds
 V - a potion of agility
Miscellaneous
 J - a lightning rod (4/4)
 R - a phantom mirror
Comestibles
 f - 54 rations


   Skills:
 - Level 14.0(13.4) Fighting
 + Level 16.6(15.9) Axes
 - Level 14.2(13.6) Armour
 - Level 12.6(12.0) Dodging
 * Level 13.5(13.0) Shields
 - Level 10.5(9.9) Invocations
 - Level 5.1(4.7) Evocations


You had 16 spell levels left.
You didn't know any spells.
Your spell library contained the following spells:

 Spells                   Type           Power        Failure   Level  Hunger
 Confusing Touch          Hex            #.....       9%          1    ##.....
 Magic Dart               Conj           #...         9%          1    ##.....
 Blink                    Tloc           N/A          12%         2    ###....
 Call Imp                 Summ           #.......     12%         2    ###....
 Passwall                 Tmut/Erth      #.......     12%         2    ###....
 Searing Ray              Conj           #.....       12%         2    ###....
 Slow                     Hex            #.......     12%         2    ###....
 Confuse                  Hex            #.......     24%         3    ####...
 Conjure Flame            Conj/Fire      #.......     24%         3    ####...
 Dazzling Spray           Conj/Hex       #.....       24%         3    ####...
 Gell's Gravitas          Tloc           #.........   24%         3    ####...
 Mephitic Cloud           Conj/Pois/Air  #.......     24%         3    ####...
 Force Lance              Conj/Tloc      #.......     58%         4    #####..
 Fulminant Prism          Conj/Hex       #.........   58%         4    #####..
 Iskenderun's Mystic Bla  Conj           #.......     58%         4    #####..
 Petrify                  Tmut/Erth      #.......     58%         4    #####..
 Metabolic Englaciation   Hex/Ice        #.........   89%         5    ######.
 Yara's Violent Unravell  Hex/Tmut       #.........   89%         5    ######.
 Hydra Form               Tmut           #.........   100%        6    #######
 Dragon Form              Tmut           #.........   100%        7    #######


Dungeon Overview and Level Annotations

Branches:
Dungeon (15/15)            Temple (1/1) D:5            Lair (6/6) D:9
  Swamp (2/4) Lair:3        Snake (0/4) Lair:3        Slime (0/5) Lair:5
    Orc (2/2) D:10            Elf (0/3) Orc:2        Vaults (0/5) D:13
 Depths (0/5) D:15          IceCv (visited)

Altars:
Ashenzari
Cheibriados
Dithmenos
Elyvilon
Fedhas
Gozag
Hepliaklqana
Kikubaaqudgha
Makhleb
Nemelex Xobeh
Okawaru
Qazlal
Ru
Sif Muna
Uskayaw
Vehumet
Wu Jian
Yredelemnul
Zin
Beogh

Shops:
D:4 :   D:8 =}=!(   Orc:2 %*(?

Annotations:
D:8 2 runed translucent doors
D:12 3 runed translucent doors, confidenceinterval's ghost, journeyman HOFi
D:13 3 runed translucent doors
Lair:1 3 runed translucent doors, hemabe's ghost, journeyman HuAr
Swamp:1 Uleurph's ghost, adept KoEn


Innate Abilities, Weirdness & Mutations

Shadows flee at your approach. (+LOS)
You can swim through water.
You cover ground slowly.
You can hop long distances.


Message History

You hit Uleurph's ghost.
Uleurph's ghost is almost destroyed.
Uleurph's ghost hits you but does no damage.
You feel much better. Uleurph's ghost completely misses you.
You closely miss Uleurph's ghost.
Uleurph's ghost is almost destroyed.
You block Uleurph's ghost's attack.
You hit Uleurph's ghost but do no damage.
Uleurph's ghost is almost destroyed.
Uleurph's ghost hits you but does no damage.
You hit Uleurph's ghost but do no damage.
Uleurph's ghost is almost destroyed.
Uleurph's ghost points at you and mumbles some strange words.
The spray of energy hits you!!
* * * LOW HITPOINT WARNING * * *
You are confused.
You feel invigorated. Uleurph's ghost hits you.
* * * LOW HITPOINT WARNING * * *
You are electrocuted!!
You die...

♣♣♣♣♣≈.≈≈≈≈.≈≈.♣ ♣♣≈≈≈♣ ♣♣..♣♣
.♣♣♣≈≈≈≈≈#######♣♣♣≈.≈♣♣ ♣♣..≈♣
..≈.≈≈≈≈≈#.#.#.#.♣≈≈≈♣♣♣♣♣♣≈..≈♣
♣♣.≈≈≈≈≈≈#$....#.§.≈..≈≈.♣≈.≈≈♣♣♣
..≈≈≈≈≈≈≈##%...(..≈≈≈≈≈..≈≈≈≈...♣
≈§≈≈≈≈≈≈≈#.[...(((≈♣♣.....≈≈.≈≈≈♣
≈........##?...'.≈.♣♣..≈≈≈...≈≈≈♣
......≈..#/....#W.♣♣≈..≈≈≈..≈≈≈♣♣
≈...≈♣≈≈≈#.#(#.#@..♣♣.≈≈≈≈≈≈≈≈≈♣
≈...♣♣.≈≈#######.≈≈♣≈..≈.≈≈≈≈≈≈♣
≈≈≈.♣♣♣.≈≈≈≈≈.♣♣..♣♣≈..≈≈≈≈≈≈♣♣♣
≈≈≈.♣♣♣≈.≈≈≈..♣♣♣♣♣..§≈≈≈≈♣♣♣♣
≈≈≈≈.♣♣♣≈.≈..♣♣.≈...≈≈≈≈≈≈♣
..≈.≈♣♣♣.≈≈≈.♣♣≈≈.≈♣♣≈≈≈♣♣♣
≈≈≈.♣♣♣..≈≈.≈♣♣...♣♣♣♣♣♣♣
.≈≈.≈....≈§.♣♣♣≈♣♣♣ ≈....≈≈.....♣
♣♣♣


You could see Uleurph's ghost.

Vanquished Creatures
  Gastronok (Lair:3)
  Kirke (D:14)
  A frost giant (IceCv)
  A very ugly thing (Swamp:1)
  Snorg (D:11)
  Josephine (Lair:5)
  An ice dragon (Lair:6)
  9 hydras
  2 death knights (D:13)
  4 centaur warriors
  A ghost crab (Swamp:2)
  8 alligators (Swamp:1)
  13 death yaks
  3 tengu warriors
  2 ogre magi
  5 two-headed ogres
  Urug (D:12)
  Sonja (D:12)
  A fire crab (Lair:6)
  7 skeletal warriors
  An unseen horror (D:13)
  3 swamp dragons
  2 wizards
  2 lindwurms (Lair:6)
  2 wolf spiders (Lair:6)
  A lindwurm (shapeshifter) (D:14)
  A necromancer (D:15)
  5 orc knights
  3 orc sorcerers
  A deep elf mage (D:13)
  4 manticores
  16 ugly things
  A spectral alligator (Swamp:1)
  5 cyclopes
  9 black mambas
  A guardian serpent (Lair:6)
  A naga mage (D:15)
  9 centaur zombies
  A spectral spriggan (Swamp:1)
  2 gargoyles
  8 centaur skeletons
  19 spiny frogs
  8 komodo dragons
  5 torpor snails
  A yaktaur (D:15)
  14 polar bears (IceCv)
  5 trolls
  4 tyrant leeches
  10 hippogriffs
  4 bog bodies (Swamp:1)
  14 hornets
  9 slime creatures
  Grinder (D:3)
  18 blink frogs
  A spectral tyrant leech (Swamp:1)
  A redback (Lair:6)
  4 spriggans
  2 shadows
  A vampire (D:14)
  4 wraiths
  A human (D:7)
  13 wyverns
  3 hogs (D:7)
  51 yaks
  Eustachio (D:4)
  2 hungry ghosts (D:8)
  8 basilisks
  A steam dragon (D:11)
  16 vampire mosquitoes
  A spectral spiny frog (Swamp:1)
  3 swamp worms
  3 nagas (Lair:3)
  A hydra simulacrum (Swamp:1)
  Duvessa (D:4)
  22 water moccasins
  12 porcupines
  5 swamp drakes (Swamp:1)
  A hornet zombie (D:9)
  2 sky beasts
  A spectral hornet (Swamp:1)
  A black bear (shapeshifter) (D:14)
  35 orc warriors
  2 ice beasts (D:7)
  A black bear (D:9)
  2 alligator simulacra (Swamp:1)
  An eye of draining (shapeshifter) (D:13)
  A necrophage (D:11)
  44 wolves
  14 ogres
  4 phantoms
  3 boggarts (D:15)
  11 centaurs
  13 crocodiles
  6 big kobolds
  22 bullfrogs
  5 gnoll sergeants
  Dowan (D:4)
  A spiny frog simulacrum (Swamp:1)
  A wyvern skeleton (D:13)
  7 scorpions
  24 wights
  5 electric eels
  8 crimson imps
  A quasit (D:8)
  7 jellies
  17 orc priests
  10 hounds
  19 orc wizards
  Crazy Yiuf (D:7)
  3 iguanas
  7 hell rats (Lair:6)
  8 worker ants
  A hound skeleton (D:8)
  A worker ant zombie (D:5)
  9 gnolls
  2 howler monkey skeletons
  9 adders
  8 shadow imps
  2 oozes
  A swamp drake simulacrum (Swamp:1)
  2 adder skeletons
  4 worms
  2 dart slugs (D:1)
  6 leopard geckos
  74 orcs
  3 ball pythons
  11 bats
  6 giant cockroaches
  12 goblins
  10 hobgoblins
  20 jackals
  13 kobolds
  7 quokkas
  3 frilled lizards
  A quokka skeleton (D:6)
  9 rats
  A bush (Lair:3)
  6 fungi
  10 plants
933 creatures vanquished.

Vanquished Creatures (others)
  3 centaur warriors
  2 death yaks (IceCv)
  An orc knight (Orc:2)
  A cyclops (D:12)
  A yaktaur (D:15)
  A polar bear (IceCv)
  A spriggan (Swamp:2)
  3 humans (D:14)
  A water moccasin (Lair:6)
  5 orc warriors (Orc:2)
  A sky beast (D:14)
  2 wolves (IceCv)
  8 centaurs
  A wight (D:14)
  A worker ant (D:14)
  9 orcs
  4 bushes
  40 fungi
  78 plants
163 creatures vanquished.

Grand Total: 1096 creatures vanquished

Notes
Turn   | Place    | Note
-------+----------+-------------------------------------------
     0 | D:1      | Gynju the Barachi Fighter began the quest for the Orb.
     0 | D:1      | Reached XP level 1. HP: 18/18 MP: 1/1
    92 | D:1      | Reached XP level 2. HP: 24/24 MP: 2/2
   118 | D:1      | Reached skill level 3 in Axes
   396 | D:1      | Reached XP level 3. HP: 24/29 MP: 3/3
   414 | D:1      | Reached skill level 4 in Axes
  1287 | D:2      | Reached XP level 4. HP: 31/36 MP: 4/4
  1517 | D:2      | Reached skill level 5 in Axes
  2304 | D:2      | Reached XP level 5. HP: 41/41 MP: 5/5
  2456 | D:2      | Found a faded altar of an unknown god.
  3008 | D:3      | Noticed an ogre
  3018 | D:3      | Killed an ogre
  3018 | D:3      | Reached skill level 6 in Axes
  3018 | D:3      | Reached XP level 6. HP: 17/47 MP: 6/6
  3523 | D:4      | Reached skill level 7 in Axes
  3660 | D:4      | Noticed Dowan
  3661 | D:4      | Noticed Duvessa
  3666 | D:4      | Noticed Grinder
  3670 | D:4      | Noticed a phantom
  3973 | D:3      | Paralysed by Grinder for 3 turns
  3980 | D:3      | Killed Grinder
  3980 | D:3      | Reached skill level 8 in Axes
  3980 | D:3      | Reached XP level 7. HP: 45/52 MP: 7/7
  3994 | D:4      | Killed Duvessa
  3999 | D:4      | Killed Dowan
  3999 | D:4      | Reached skill level 9 in Axes
  4077 | D:4      | Reached XP level 8. HP: 35/59 MP: 8/8
  4245 | D:4      | Found Rutweot's Book Shop.
  4262 | D:4      | Reached skill level 10 in Axes
  4494 | D:4      | Noticed Eustachio
  4515 | D:4      | Killed Eustachio
  4643 | D:4      | Found a white marble altar of Elyvilon.
  4925 | D:5      | Entered Level 5 of the Dungeon
  5313 | D:5      | Reached skill level 11 in Axes
  5447 | D:5      | Found a staircase to the Ecumenical Temple.
  5454 | Temple   | Entered the Ecumenical Temple
  5463 | Temple   | Became a worshipper of Cheibriados the Contemplative
  5942 | D:6      | Found a sparkling altar of Nemelex Xobeh.
  6309 | D:6      | Reached skill level 12 in Axes
  6309 | D:6      | Reached XP level 9. HP: 51/64 MP: 9/9
  6413 | D:6      | Reached * piety under Cheibriados
  6908 | D:7      | Reached skill level 1 in Dodging
  7206 | D:7      | Reached ** piety under Cheibriados
  7376 | D:7      | Identified the Guide on Transformation
  7477 | D:7      | Reached skill level 5 in Fighting
  7477 | D:7      | Reached skill level 5 in Armour
  7585 | D:7      | Found a runed translucent door.
  7586 | D:7      | Noticed Crazy Yiuf
  7661 | D:7      | Killed Crazy Yiuf
  7735 | D:8      | Found a runed translucent door.
  7756 | D:8      | Found Hegown's Jewellery Shop.
  7774 | D:8      | Found Nuidiog's Jewellery Shoppe.
  7933 | D:8      | Found Mushro's Distillery.
  7961 | D:8      | Reached skill level 13 in Axes
  7961 | D:8      | Reached XP level 10. HP: 74/74 MP: 10/10
  7973 | D:8      | Reached skill level 5 in Shields
  7992 | D:8      | Found Izaux's Antique Weapon Boutique.
  8062 | D:8      | Noticed a gargoyle
  8097 | D:8      | Killed a gargoyle
  8097 | D:8      | Reached *** piety under Cheibriados
  8097 | D:8      | Reached skill level 1 in Invocations
  8307 | D:8      | Found a basalt altar of Yredelemnul.
  8404 | D:8      | Found Botadiam's Gadget Shoppe.
  8566 | D:8      | Found a runed translucent door.
  8737 | D:8      | Bought a dazzling hand crossbow for 187 gold pieces
  8950 | D:8      | Identified the +10 hand crossbow "Xaaguug" {flame, Dex+2}
                  | (You bought it in a shop on level 8 of the Dungeon)
  9339 | D:9      | Found a staircase to the Lair.
  9356 | D:9      | Got a faintly glowing long sword
  9380 | D:9      | Identified the cursed +1 long sword "Haefea" {pain, *Drain
                  | rN++ Str+9 Dex+3} (You found it on level 9 of the Dungeon)
  9802 | D:9      | Reached **** piety under Cheibriados
  9867 | D:9      | Noticed a two-headed ogre
  9875 | D:9      | Killed a two-headed ogre
  9875 | D:9      | Reached XP level 11. HP: 24/83 MP: 11/13
 10202 | D:9      | Reached skill level 5 in Dodging
 10477 | D:10     | Entered Level 10 of the Dungeon
 10812 | D:10     | Found a snail-covered altar of Cheibriados.
 10859 | D:10     | Found a staircase to the Orcish Mines.
 10898 | D:10     | HP: 2/83 [orc warrior/+0 glaive (18)]
 11257 | D:9      | Reached skill level 14 in Axes
 11401 | D:10     | Reached ***** piety under Cheibriados
 11710 | D:10     | Found the +2 cloak of the Thief {+Fog Slay-2 SInv Stlth+}
 12525 | Lair:1   | Entered Level 1 of the Lair of Beasts
 12533 | Lair:1   | Found a runed translucent gate.
 12745 | Lair:1   | Noticed a six-headed hydra
 12791 | Lair:1   | Killed a four-headed hydra
 13193 | Lair:1   | Found a runed translucent gate.
 13193 | Lair:1   | Found a runed translucent gate.
 13196 | Lair:1   | Noticed hemabe's ghost (journeyman HuAr)
 13507 | Lair:1   | Reached XP level 12. HP: 89/92 MP: 15/15
 13806 | Lair:2   | Reached ****** piety under Cheibriados
 14001 | Lair:2   | Reached skill level 15 in Axes
 14657 | Lair:1   | Reached skill level 5 in Invocations
 15839 | Lair:3   | Found a staircase to the Swamp.
 15963 | Lair:3   | Gained mutation: You can hop long distances. [Barachi
                  | growth]
 15963 | Lair:3   | Reached XP level 13. HP: 99/101 MP: 17/17
 16539 | Lair:3   | Noticed Gastronok
 16614 | Lair:3   | Killed Gastronok
 17223 | Lair:3   | Found a staircase to the Snake Pit.
 17649 | Lair:4   | Got a vibrating wooden ring
 17772 | Lair:4   | Reached skill level 16 in Axes
 17861 | Lair:4   | Reached skill level 10 in Armour
 18355 | Lair:5   | Reached skill level 10 in Fighting
 18363 | Lair:5   | Noticed Josephine
 18375 | Lair:5   | Killed Josephine
 18940 | Lair:5   | Found a staircase to the Slime Pits.
 19379 | Lair:6   | Entered Level 6 of the Lair of Beasts
 19543 | Lair:6   | Reached XP level 14. HP: 102/111 MP: 16/19
 19676 | Lair:6   | Reached skill level 10 in Shields
 19965 | Lair:6   | Paralysed by a hornet for 2 turns
 20765 | Lair:6   | Reached skill level 10 in Dodging
 21163 | Lair:6   | Found a runed translucent door.
 22911 | D:10     | Identified the ring "Duill" {Wiz *Drain rC+ Int+5 SInv}
                  | (You found it on level 4 of the Lair of Beasts)
 23124 | D:11     | Reached XP level 15. HP: 106/120 MP: 21/21
 23495 | D:11     | Noticed Snorg
 23506 | D:11     | Reached skill level 1 in Evocations
 23517 | D:11     | Killed Snorg
 23645 | D:11     | Found the +5 robe of Night {Dark MR+ SInv}
 25006 | D:12     | Found a runed translucent gate.
 25006 | D:12     | Found a runed translucent gate.
 25006 | D:12     | Found a runed translucent gate.
 25009 | D:12     | Noticed confidenceinterval's ghost (journeyman HOFi)
 25091 | D:12     | Noticed Sonja
 25095 | D:12     | Killed Sonja
 25188 | D:12     | Noticed Urug
 25200 | D:12     | Killed Urug
 25327 | D:13     | Found a frozen archway.
 25343 | IceCv    | Entered an ice cave
 25912 | IceCv    | Found the cursed necklace of Bloodlust {*Rage +Rage MR++
                  | Int-3 Slay+6 *Curse}
 26084 | IceCv    | Noticed a frost giant
 26141 | IceCv    | Killed a frost giant
 26563 | D:13     | Found a runed translucent gate.
 26563 | D:13     | Found a runed translucent gate.
 26563 | D:13     | Found a runed translucent gate.
 26600 | D:13     | Got a steaming hunting sling
 26601 | D:13     | Identified the +7 hunting sling "Ateol" {flame, MR- Int+6}
                  | (You found it on level 13 of the Dungeon)
 27514 | D:13     | Found a gate to the Vaults.
 28152 | D:14     | Noticed Kirke
 28167 | D:14     | Killed Kirke
 28357 | D:14     | Reached XP level 16. HP: 130/130 MP: 23/23
 29370 | D:15     | Entered Level 15 of the Dungeon
 30436 | D:15     | Reached skill level 10 in Invocations
 30876 | D:15     | Found a staircase to the Depths.
 31056 | Orc:1    | Entered Level 1 of the Orcish Mines
 31056 | Orc:1    | Found a roughly hewn altar of Beogh.
 31182 | D:8      | Bought an uncursed ring of protection from fire for 300
                  | gold pieces
 31707 | Orc:2    | Entered Level 2 of the Orcish Mines
 31707 | Orc:2    | Found a staircase to the Elven Halls.
 32392 | Orc:2    | Found Liwnuekiso's Weapon Shoppe.
 32392 | Orc:2    | Found Ukonua's General Store.
 32396 | Orc:2    | Found Eseluuxt's Magic Scroll Emporium.
 32397 | Orc:2    | Found Nehilodudd's Food Boutique.
 33079 | Orc:2    | Bought a scroll of enchant armour for 97 gold pieces
 33079 | Orc:2    | Bought a scroll of enchant armour for 97 gold pieces
 33164 | D:8      | Bought the ring "Mimeg" {rPois EV+3 SInv} for 582 gold
                  | pieces
 33284 | Swamp:1  | Entered Level 1 of the Swamp
 33653 | Swamp:1  | Reached XP level 17. HP: 117/138 MP: 24/24
 33929 | Swamp:1  | Reached skill level 5 in Evocations
 34148 | Swamp:1  | Found a runed translucent gate.
 34149 | Swamp:1  | Found a runed translucent gate.
 34149 | Swamp:1  | Found a runed translucent gate.
 34158 | Swamp:1  | Noticed Uleurph's ghost (adept KoEn)
 35185 | Swamp:1  | Slain by Uleurph's ghost

Levels and vault maps discovered:
D:1:      mrwooster_arrival_statue, layout_loops_corners, minmay_tetromino_i2
D:2:      layout_loops_corners, chequers_ecumenical_altar_grove, minivault_23,
          kennysheep_generic_room_6
D:3:      layout_loops_ring
D:4:      layout_cave_pools, elyvilon_altar_1, serial_shops, shop, first_ration,
          uniq_duvessa, uniq_grinder, uniq_eustachio
D:5:      layout_basic, minmay_temple_entry_nine_rooms
D:6:      layout_basic, basic_altar
D:7:      layout_basic, grunt_livestock, uniq_crazy_yiuf_cottage
D:8:      cheibrodos_histonic, layout_basic, serial_shops, shop,
          nicolae_shop_competitors_out_of_business,
          nicolae_shop_window_shopping, shop, shop, minmay_ruined_shrine
D:9:      layout_long_grid, minmay_lair_entry_grove,
          minmay_misc_feat_secret_circle
D:10:     minmay_clustersquares, layout_basic,
          kennysheep_orc_monster_closet_entryway, basic_altar
D:11:     layout_basic, uniq_snorg
D:12:     layout_basic, gammafunk_ghost_nasty_kobolds, uniq_sonja, uniq_urug
D:13:     layout_grid_maze, hangedman_vaults_entry_quadrant_bands,
          portal_ice_cave_entry_pillars_2,
          ploomutoo_gammafunk_ghost_potion_laboratory, minivault_28
D:14:     layout_roguey, minmay_misc_feat_encased, uniq_kirke
D:15:     grunt_enter_depths_magical_seal, layout_small_grid
Temple:   dpeg_three_leaves_temple
Lair:1:   layout_long_grid, ebering_ghost_rock_garden, gauntlet_entry_generic
Lair:2:   layout_regular_city, serial_bayou, serial_bayou_pond_b,
          serial_bayou_shore_a, serial_bayou_pond_b, serial_bayou_pond_c,
          serial_bayou_lagoon_b, chequers_serial_rivers_micro_d,
          beast_lair_carwin_6
Lair:3:   layout_loops_ring, minmay_swamp_entry_swarm,
          guppyfry_snake_entry_island, grunt_forest_large_clearings,
          grunt_megastairs_5, uniq_gastronok
Lair:4:   layout_cave_pods
Lair:5:   layout_gridlike, nicolae_slime_entry_slimehenge, beast_lair_carwin_9,
          uniq_josephine
Lair:6:   hangedman_lair_tendril_chambers, layout_concentric_octagons, wormcave,
          kennysheep_basilisk_garden
Swamp:1:  layout_basic_swamp, gammafunk_ghost_necromancy,
          evilmike_swamp_ruin_house_5
Swamp:2:  layout_falls_marsh, infiniplex_staircase_pool, swamp_pool2
Orc:1:    layout_diamond_mine, basic_altar
Orc:2:    st_orc_rangers, layout_caves, minmay_orc_barracks

Skill      XL: |  1  2  3  4  5  6  7  8  9 10 11 12 13 14 15 16 17 |
---------------+----------------------------------------------------+-----
Axes           | 3 4 5 6 8 9 12 13 14 15 16 | 16.6
Fighting       | 5 6 8 9 10 11 13 14 | 14.0
Dodging        | 3 4 6 7 9 10 11 12 | 12.6
Armour         | 5 6 8 9 10 12 13 14 | 14.2
Shields        | 4 6 7 8 9 11 12 13 | 13.5
Invocations    | 2 4 5 6 8 9 10 | 10.5
Evocations     | 3 4 5 |  5.1

Action                   |  1- 3 |  4- 6 |  7- 9 | 10-12 | 13-15 | 16-18 || total
-------------------------+-------+-------+-------+-------+-------+-------++-------
Melee: War axe           |   105 |   176 |   359 |   713 |   938 |       ||  2291
       Hand axe          |       |       |       |     4 |   213 |       ||   217
       Broad axe         |       |       |       |       |    93 |   825 ||   918
 Fire: Hand crossbow     |       |       |       |    10 |    51 |    54 ||   115
Invok: Temporal Distorti |       |       |       |       |       |     3 ||     3
       Slouch            |       |       |       |       |       |     1 ||     1
 Abil: Hop               |       |       |       |     3 |       |       ||     3
       Evoke Fog         |       |       |       |       |       |     1 ||     1
Evoke: Lightning rod     |       |       |       |       |     4 |       ||     4
       Wand              |       |       |       |       |       |     1 ||     1
  Use: Scroll            |       |     9 |     1 |     3 |    24 |     1 ||    38
       Potion            |       |     2 |       |     6 |     3 |     4 ||    15
 Stab: Distracted        |       |       |       |       |     1 |       ||     1
       Sleeping          |       |       |       |       |     1 |       ||     1
       Confused          |       |       |       |       |       |     1 ||     1
  Eat: Chunk             |     2 |     9 |    12 |    16 |    20 |    15 ||    74
       Ration            |       |       |     1 |       |     1 |       ||     2
Armor: Scale mail        |    44 |       |       |       |       |   130 ||   174
       Chain mail        |    20 |    96 |   122 |       |       |       ||   238
       Plate armour      |       |       |    45 |   377 |   285 |    55 ||   762
       Ring mail         |       |       |       |       |    26 |       ||    26
Dodge: Dodged            |    28 |    42 |    62 |   308 |   703 |   590 ||  1733
Block: Shield            |    57 |    88 |   146 |   645 |   993 |   972 ||  2901
       Reflection        |       |       |       |     2 |    30 |   114 ||   146

Table legend:
 A = Non-vault XP
 B = Vault XP
 C = Vault XP percentage of total XP
 D = Non-vault monster count
 E = Vault monster count
 F = Vault count percentage of total count
                 A         B        C        D         E       F
            +---------+---------+-------+---------+---------+-------
      Total |  117342 |   81553 |  41.0 |     619 |     327 |  34.6
            +---------+---------+-------+---------+---------+-------
        D:1 |      64 |       2 |   3.0 |      31 |       1 |   3.1
        D:2 |     105 |       6 |   5.4 |      33 |       3 |   8.3
        D:3 |     156 |     262 |  62.7 |      13 |       1 |   7.1
        D:4 |     660 |     425 |  39.2 |      18 |       3 |  14.3
        D:5 |     292 |       0 |   0.0 |      18 |       0 |   0.0
        D:6 |     650 |       0 |   0.0 |      23 |       0 |   0.0
        D:7 |     710 |    1042 |  59.5 |      19 |       6 |  24.0
        D:8 |    1169 |     679 |  36.7 |      13 |       8 |  38.1
        D:9 |    1733 |    2139 |  55.2 |      12 |      15 |  55.6
       D:10 |    3947 |    2895 |  42.3 |      53 |      26 |  32.9
       D:11 |    6057 |    1129 |  15.7 |      43 |       1 |   2.3
       D:12 |    3358 |    1655 |  33.0 |      20 |       2 |   9.1
       D:13 |    2788 |   13544 |  82.9 |      24 |      29 |  54.7
       D:14 |   17335 |    1424 |   7.6 |      42 |       1 |   2.3
       D:15 |   13049 |    4159 |  24.2 |      34 |       8 |  19.0
     Lair:1 |    4038 |    1319 |  24.6 |      18 |       4 |  18.2
     Lair:2 |    5420 |    4505 |  45.4 |      30 |      32 |  51.6
     Lair:3 |    6121 |    4034 |  39.7 |      20 |      11 |  35.5
     Lair:4 |    3185 |       0 |   0.0 |       6 |       0 |   0.0
     Lair:5 |    3419 |    5382 |  61.2 |      15 |      15 |  50.0
     Lair:6 |   15454 |   18281 |  54.2 |      43 |      58 |  57.4
    Swamp:1 |   21456 |    1992 |   8.5 |      46 |      10 |  17.9
    Swamp:2 |    3666 |       0 |   0.0 |       8 |       0 |   0.0
      Orc:1 |    1323 |    1563 |  54.2 |      28 |       8 |  22.2
      Orc:2 |    1187 |    4945 |  80.6 |       9 |      45 |  83.3
      IceCv |       0 |   10171 | 100.0 |       0 |      40 | 100.0
            +---------+---------+-------+---------+---------+-------
